 Dungeon Crawl Stone Soup version 0.28.0-53-g5a82cb258f (webtiles) character file.

Game seed: 5831622813881025671

44022 Woods the Martial Artist (level 14, -4/140 HPs)
             Began as a Gnoll Transmuter on June 7, 2022.
             Was a Priest of Ashenzari.
             Killed by divine providence
             ... invoked by Saint Roka
              (9 damage)
             ... on level 2 of the Orcish Mines.
             The game lasted 01:03:47 (27403 turns).

Woods the Martial Artist (Gnoll Transmuter)        Turns: 27403, Time: 01:03:48

Health: -4/140     AC: 30    Str: 12    XL:     14   Next: 26%
Magic:  28/28      EV: 16    Int: 16    God:    Ashenzari [***...]
Gold:   83         SH:  0    Dex: 12    Spells: 7/33 levels left

rFire   . . .      SeeInvis +     - Unarmed
rCold   + . .      Faith    .   (no shield)
rNeg    + . .      Spirit   .   (armour currently unavailable)
rPois   ∞          Reflect  .   q - +2 hat of Ashenzari's Absolutism {Elem, Range} (curse)
rElec   +          Harm     .   g - +0 cloak of Ashenzari's Fetters {Range, Elem} (curse)
rCorr   .          Rampage  .   (gloves currently unavailable)
Will    +....      Clarity  +   (boots currently unavailable)
Stlth   ++++......              l - amulet "Unveiling Secrets" {Acrobat, Elem, Alch} (curse)
HPRegen 0.33/turn               s - ring of protection from cold
MPRegen 0.21/turn               E - ring of wizardry

@: mighty, statue-form, studying Fighting, very slow
A: slow and powerful, torment resistance 1, boosted hp, fangs 1, strong nose,
distributed training
a: End Transformation, Renounce Religion, Curse Item, Shatter the Chains


You were on level 2 of the Orcish Mines.
You worshipped Ashenzari.
Ashenzari was most pleased with you.
You were a living statue of rough stone.
You visited 4 branches of the dungeon, and saw 20 of its levels.
You also visited: Ossuary and Bailey.

You collected 1815 gold pieces.
You spent 1732 gold pieces at shops.

Inventory:

Hand Weapons
 Q - a +0 scimitar of flaming
Missiles
 A - a throwing net
Armour
 a - a +0 robe
 g - the cursed +0 cloak of Ashenzari's Fetters (worn) {Range, Elem}
   (You found it on level 1 of the Dungeon)

   It has a curse which improves the following skills: Ranged Combat: Slings,
   Bows, Crossbows and Throwing.
   Elements:  Fire Magic, Ice Magic, Air Magic and Earth Magic.
 q - the cursed +2 hat of Ashenzari's Absolutism (worn) {Elem, Range}
   (You took it off Gastronok on level 10 of the Dungeon)

   It has a curse which improves the following skills: Elements: Fire Magic, Ice
   Magic, Air Magic and Earth Magic.
   Ranged Combat: Slings, Bows, Crossbows and Throwing.
 t - the cursed +0 pair of boots of the Wild Blue Yonder (melded) {Range, Elem}
   (You found it on level 3 of the Dungeon)

   It has a curse which improves the following skills: Ranged Combat: Slings,
   Bows, Crossbows and Throwing.
   Elements:  Fire Magic, Ice Magic, Air Magic and Earth Magic.
 S - the cursed +2 robe of Ashenzari's Vexation (melded) {Archmagi, Alch, Fort}
   (You took it off Nergalle on level 2 of the Lair of Beasts)

   It has a curse which improves the following skills: Alchemy: Poison Magic and
   Transmutations.
   Fortitude: Armour and Shields.
 U - an orb of energy
Jewellery
 i - an amulet of magic regeneration
 l - the cursed amulet "Unveiling Secrets" (around neck) {Acrobat, Elem, Alch}
   (You found it on level 2 of the Dungeon)

   [amulet of the acrobat]

   It increases your evasion while moving and waiting.
   It has a curse which improves the following skills: Elements: Fire Magic, Ice
   Magic, Air Magic and Earth Magic.
   Alchemy:   Poison Magic and Transmutations.
 s - a ring of protection from cold (left fist)
 E - a ring of wizardry (right fist)
 L - a ring of wizardry
 N - a ring of see invisible
 V - a ring of flight
Wands
 d - a wand of mindburst (5)
 w - a wand of acid (27)
 C - a wand of iceblast (31)
 I - a wand of paralysis (4)
 R - a wand of flame (14)
 W - a wand of charming (4)
Scrolls
 c - 3 scrolls of enchant weapon
 e - 8 scrolls of teleportation
 f - 5 scrolls of magic mapping
 k - 3 scrolls of fog
 m - 4 scrolls of immolation
 r - a scroll of summoning
 u - 2 scrolls of silence
 y - 2 scrolls of brand weapon
 z - 3 scrolls of enchant armour
 D - 4 scrolls of fear
 K - a scroll of vulnerability
 M - a scroll of blinking
 P - a scroll of amnesia
Potions
 b - 4 potions of lignification
 j - 6 potions of curing
 n - 4 potions of invisibility
 o - 4 potions of ambrosia
 p - 2 potions of cancellation
 v - 2 potions of brilliance
 x - 6 potions of mutation
 B - 3 potions of flight
 F - 6 potions of heal wounds
 G - 5 potions of haste
 H - 3 potions of might
 J - 5 potions of attraction
 O - a potion of magic
Miscellaneous
 h - a piece from Xom's chessboard (15/15)
 T - a phantom mirror


   Skills:
 + Level 9.5 Fighting
 + Level 9.1 Short Blades
 + Level 9.1 Long Blades
 + Level 9.1 Axes
 + Level 9.1 Maces & Flails
 + Level 9.1 Polearms
 + Level 9.1 Staves
 + Level 9.1(11.5) Slings
 + Level 9.1(11.5) Bows
 + Level 9.1(11.5) Crossbows
 + Level 9.1(11.5) Throwing
 + Level 9.1 Armour
 + Level 10.2 Dodging
 + Level 9.1 Stealth
 + Level 9.1 Shields
 + Level 11.2 Unarmed Combat
 + Level 10.4 Spellcasting
 + Level 7.5 Conjurations
 + Level 7.5 Hexes
 + Level 7.5 Summonings
 + Level 7.5 Necromancy
 + Level 7.5 Translocations
 + Level 8.5(10.2) Transmutations
 + Level 7.5(10.8) Fire Magic
 + Level 7.5(10.8) Ice Magic
 + Level 7.5(10.8) Air Magic
 + Level 7.5(10.8) Earth Magic
 + Level 7.5(9.2) Poison Magic
 + Level 9.9 Invocations
 + Level 9.1 Evocations


You had 7 spell levels left.
You knew the following spells:

 Your Spells              Type           Power      Damage    Failure   Level
a - Beastly Appendage     Tmut           82%        N/A       1%          1
b - Wereblood             Tmut           41%        N/A       1%          2
c - Spider Form           Tmut/Pois      39%        N/A       1%          3
d - Passwall              Tmut/Erth      35%        N/A       1%          2
e - Ozocubu's Armour      Ice            43%        N/A       1%          3
f - Ice Form              Ice/Tmut       42%        N/A       1%          4
g - Statue Form           Tmut/Erth      28%        N/A       8%          6
h - Metabolic Englaciati  Hex/Ice        18%        N/A       2%          5

Your spell library contained the following spells:

 Spells                   Type           Power      Damage    Failure   Level
 Sandblast                Erth           86%        2d18      1%          1
 Shock                    Conj/Air       100%       1d9       1%          1
 Sting                    Tmut/Pois      100%       1d8       1%          1
 Blink                    Tloc           64%        N/A       1%          2
 Corpse Rot               Necr/Air       74%        N/A       1%          2
 Poisonous Vapours        Pois/Air       80%        N/A       1%          2
 Scorch                   Fire           86%        2d9       1%          2
 Gell's Gravitas          Tloc           32%        N/A       1%          3
 Stone Arrow              Conj/Erth      74%        3d11      1%          3
 Swiftness                Air            43%        N/A       1%          3
 Teleport Other           Tloc           32%        N/A       1%          3
 Tukima's Dance           Hex            32%        N/A       1%          3
 Airstrike                Air            21%        N/A       1%          4
 Anguish                  Hex/Necr       16%        N/A       1%          4
 Animate Dead             Necr           16%        N/A       1%          4
 Dispel Undead            Necr           32%        3d14      1%          4
 Flame Wave               Conj/Fire      37%        2d9       1%          4
 Fulminant Prism          Conj/Hex       16%        3d11      1%          4
 Iskenderun's Mystic Bla  Conj/Tloc      32%        2d8       1%          4
 Leda's Liquefaction      Hex/Erth       18%        N/A       1%          4
 Olgreb's Toxic Radiance  Pois           37%        N/A       1%          4
 Lee's Rapid Deconstruct  Erth           21%        3d13*     1%          5
 Borgnjor's Vile Clutch   Necr/Erth      18%        N/A       2%          5
 Manifold Assault         Tloc           32%        N/A       4%          5
 Simulacrum               Ice/Necr       18%        N/A       12%         6
 Death Channel            Necr           16%        N/A       24%         6
 Dispersal                Tloc           16%        N/A       24%         6
 Summon Cactus Giant      Summ           16%        N/A       24%         6
 Storm Form               Tmut/Air       21%        N/A       36%         7
 Enfeeble                 Hex            16%        N/A       75%         7
 Haunt                    Necr/Summ      16%        N/A       75%         7
 Necromutation            Tmut/Necr      18%        N/A       99%         8
 Borgnjor's Revivificati  Necr           16%        N/A       100%        8
 Infestation              Necr           16%        N/A       100%        8
 Death's Door             Necr           16%        N/A       100%        9


Dungeon Overview and Level Annotations

Branches:
Dungeon (12/15)            Temple (1/1) D:6            Lair (5/6) D:11
 Shoals (0/4) Lair:3       Spider (0/4) Lair:4          Orc (2/2) D:11
    Elf (0/3) Orc:2       Ossuary (visited)          Bailey (visited)
  Slime: Lair:5-6

Altars:
Ashenzari
Cheibriados
Dithmenos
Elyvilon
Fedhas
Gozag
Hepliaklqana
Kikubaaqudgha
Makhleb
Nemelex Xobeh
Okawaru
Qazlal
Ru
Sif Muna
Trog
Uskayaw
Vehumet
Wu Jian
Xom
Yredelemnul
Zin
The Shining One
Beogh

Shops:
D:3 :   D:11 (   Orc:2 !(

Annotations:
D:11 3 runed translucent doors, exclusion: oklob sapling, Psyche; klau3's ghost, journeyman MiBe
Orc:2 Saint Roka


Innate Abilities, Weirdness & Mutations

You are a living statue of rough stone.
Your actions are slow, but your melee attacks are powerful.
You are resistant to unholy torment.
Your maximum health is greatly increased.
You are immune to poison.
Your equipment is partially melded.
You have very sharp teeth.
Your uncanny sense of smell can sniff out nearby items.
Your experience applies equally to all skills.


Message History

Saint Roka is moderately wounded.
The orc sorcerer completely misses you.
Saint Roka hits you with a +2 dire flail of draining!!
* * * LOW HITPOINT WARNING * * *
You beat Saint Roka into a bloody pulp!!!
Saint Roka is heavily wounded.
Saint Roka closely misses you.
The orc sorcerer hits you with a +0 dagger!
* * * LOW HITPOINT WARNING * * *
The orc wizard hits you but does no damage.
Unknown command.
You pummel Saint Roka like a punching bag!!!
Saint Roka is severely wounded.
Saint Roka mumbles some strange prayers to Beogh against you.
Beogh smites you!
* * * LOW HITPOINT WARNING * * *
The orc sorcerer closely misses you. The orc wizard casts a spell at you.
The puff of flame misses you. Saint Roka hits you but does no damage.
The orc sorcerer closely misses you.
Blink to where?
Press: ? - help, Dir - move target
As you read the scroll of blinking, it crumbles to dust.
Saint Roka roars a battlecry!
Saint Roka roars a battlecry!
The orc goes into a battle-frenzy!
The orc sorcerer mumbles some strange words.
Saint Roka invokes the aid of Beogh against you.
Beogh smites you!
* * * LOW HITPOINT WARNING * * *
Things that are here:
a +0 short sword; a +0 falchion; an orc skeleton Saint Roka mumbles some strange prayers to Beogh against you.
Beogh smites you!
* * * LOW HITPOINT WARNING * * *
The orc completely misses you.
There is a stone staircase leading up here.
Saint Roka invokes the aid of Beogh against you.
Beogh smites you!
You die...

#..)).#.##.....#..#........[.....
#..8..#.#.....##.....##...)[#.##.
#.....#......###.....###....####)
##...##.#.....##.....###......#..
.#####..##...###......#..........
.........##.......##..#...#......
.###....####..).####......##..[..
.###.....##....[)[#......###..[[.
..#...#........o8)....##..#.#...#
......##.......)[[...####....####
#....###...o.###'#..## #...##
......#....o##.[.##..####...#
..#...##....#...))#.[#...>#.#
..#......##{#.....#.......###
..###....##.#.._..#.......# .##
#....##o##...##......## ##
#...###..#####..##..##


You could see Saint Roka, an orc sorcerer (strong) and an orc (strong).

Vanquished Creatures
  Gastronok (D:10)
  An orc warlord (D:11)
  4 hydras
  Erica (Lair:1)
  6 death yaks
  2 orc high priests (Orc:2)
  Nergalle (Lair:2)
  An orc knight (Orc:2)
  A wolf spider (Lair:4)
  5 orc sorcerers
  A cyclops (D:7)
  6 elephants (Lair:5)
  3 black mambas
  Maurice (D:11)
  2 unseen horrors (D:11)
  7 cane toads
  A torpor snail (Lair:5)
  3 rime drakes
  2 kobold demonologists
  8 komodo dragons
  3 trolls (D:11)
  A queen bee (Lair:1)
  3 blink frogs (Lair:1)
  2 hornets (D:11)
  A snapping turtle (Lair:3)
  2 culicivoras (Lair:4)
  3 shadows
  2 wraiths
  35 yaks
  3 basilisks
  2 wyverns
  2 steam dragons
  7 wargs
  2 acid dragons
  12 water moccasins
  An ice beast (D:8)
  28 orc warriors
  A black bear (D:6)
  5 ogres
  A necrophage (D:8)
  9 wolves
  3 centaurs
  2 kobold brigands
  20 bullfrogs
  A wyvern zombie (D:7)
  2 scorpions
  28 killer bees
  A wyvern skeleton (D:5)
  A wight (Ossuary)
  5 howler monkeys
  6 centaur zombies
  A bullfrog zombie (D:6)
  16 orc priests
  4 hounds
  2 jellies
  A centaur skeleton (D:5)
  5 iguanas
  Jessica (D:2)
  20 orc wizards
  2 hound skeletons (D:4)
  A howler monkey zombie (D:10)
  5 gnolls
  13 adders
  A white imp (D:6)
  4 ufetubi
  2 adder skeletons (D:4)
  3 worms
  6 dart slugs
  79 orcs
  8 bats
  6 endoplasms
  4 giant cockroaches
  13 goblins
  7 hobgoblins
  6 jackals (D:1)
  5 quokkas
  15 ball pythons
  11 frilled lizards
  2 hobgoblin skeletons (Ossuary)
  A hobgoblin zombie (Ossuary)
  16 kobolds
  A kobold zombie (Ossuary)
  An orc skeleton (Ossuary)
  2 orc zombies (Ossuary)
  4 rats
  A spectral kobold (D:3)
520 creatures vanquished.

Vanquished Creatures (others)
  16 fungi
  53 plants
69 creatures vanquished.

Grand Total: 589 creatures vanquished

Notes
Turn   | Place    | Note
-------+----------+-------------------------------------------
     0 | D:1      | Woods the Gnoll Transmuter began the quest for the Orb.
     0 | D:1      | Reached XP level 1. HP: 17/17 MP: 6/6
   134 | D:1      | Reached XP level 2. HP: 18/23 MP: 7/7
   540 | D:1      | Reached XP level 3. HP: 28/28 MP: 7/9
   581 | D:1      | Reached skill level 5 in Spellcasting
   715 | D:1      | Learned a level 2 spell: Wereblood
   718 | D:1      | Learned a level 2 spell: Passwall
   722 | D:1      | Learned a level 3 spell: Spider Form
   857 | D:1      | Reached skill level 1 in Invocations
   971 | D:1      | Reached skill level 1 in Short Blades
   971 | D:1      | Reached skill level 1 in Long Blades
   971 | D:1      | Reached skill level 1 in Axes
   971 | D:1      | Reached skill level 1 in Maces & Flails
   971 | D:1      | Reached skill level 1 in Polearms
   971 | D:1      | Reached skill level 1 in Staves
   971 | D:1      | Reached skill level 1 in Slings
   971 | D:1      | Reached skill level 1 in Bows
   971 | D:1      | Reached skill level 1 in Crossbows
   971 | D:1      | Reached skill level 1 in Throwing
   971 | D:1      | Reached skill level 1 in Armour
   971 | D:1      | Reached skill level 1 in Stealth
   971 | D:1      | Reached skill level 1 in Shields
   971 | D:1      | Reached skill level 1 in Evocations
  1500 | D:2      | Reached XP level 4. HP: 34/34 MP: 11/11
  1684 | D:2      | Noticed Jessica
  1690 | D:2      | Killed Jessica
  1691 | D:2      | Reached skill level 1 in Conjurations
  1691 | D:2      | Reached skill level 1 in Hexes
  1691 | D:2      | Reached skill level 1 in Summonings
  1691 | D:2      | Reached skill level 1 in Necromancy
  1691 | D:2      | Reached skill level 1 in Translocations
  1691 | D:2      | Reached skill level 1 in Fire Magic
  1691 | D:2      | Reached skill level 1 in Ice Magic
  1691 | D:2      | Reached skill level 1 in Air Magic
  1691 | D:2      | Reached skill level 1 in Earth Magic
  1691 | D:2      | Reached skill level 1 in Poison Magic
  1918 | D:2      | Reached XP level 5. HP: 40/40 MP: 10/12
  2471 | D:3      | Learned a level 3 spell: Ozocubu's Armour
  2648 | D:3      | Found a faded altar of an unknown god.
  2658 | D:2      | HP: 2/41 [acid (10)]
  3172 | D:3      | Reached XP level 6. HP: 47/47 MP: 9/13
  3486 | D:3      | Found Diarghung's Book Shoppe.
  4368 | D:4      | Reached skill level 5 in Dodging
  4997 | D:4      | Reached XP level 7. HP: 18/52 MP: 13/15
  5455 | D:5      | Entered Level 5 of the Dungeon
  5519 | D:5      | Reached skill level 7 in Unarmed Combat
  6467 | D:6      | Found a sand-covered staircase.
  6473 | Ossuary  | Entered an ossuary
  6516 | Ossuary  | Reached XP level 8. HP: 60/60 MP: 12/16
  6601 | Ossuary  | Noticed a wraith
  6601 | Ossuary  | Noticed a flying skull
  6611 | Ossuary  | Noticed a flying skull
  6689 | Ossuary  | Noticed a flying skull
  6692 | Ossuary  | Noticed a wraith
  6724 | Ossuary  | Killed a wraith
  6972 | Ossuary  | Noticed a flying skull
  7774 | D:3      | Bought a book of the Earth for 360 gold pieces
  7812 | D:4      | Learned a level 4 spell: Ice Form
  7908 | D:6      | Found a staircase to the Ecumenical Temple.
  8074 | Temple   | Entered the Ecumenical Temple
  8277 | Temple   | Became a worshipper of Ashenzari the Shackled
  8728 | D:7      | Found a flagged portal.
  8784 | Bailey   | Entered a bailey
  8863 | Bailey   | Reached XP level 9. HP: 20/66 MP: 16/18
  9363 | D:7      | Noticed a cyclops
  9375 | D:7      | Reached skill level 5 in Transmutations
  9391 | D:7      | Identified the cursed +0 cloak of Ashenzari's Fetters
                  | {Range, Elem} (You found it on level 1 of the Dungeon)
 10044 | D:7      | Reached skill level 5 in Fighting
 10148 | D:7      | Killed a cyclops
 10149 | D:7      | Reached skill level 8 in Unarmed Combat
 10676 | D:8      | Reached skill level 5 in Invocations
 11059 | D:8      | Reached XP level 10. HP: 46/74 MP: 12/20
 11426 | D:8      | Reached skill level 5 in Short Blades
 11426 | D:8      | Reached skill level 5 in Long Blades
 11426 | D:8      | Reached skill level 5 in Axes
 11426 | D:8      | Reached skill level 5 in Maces & Flails
 11426 | D:8      | Reached skill level 5 in Polearms
 11426 | D:8      | Reached skill level 5 in Staves
 11426 | D:8      | Reached skill level 5 in Slings
 11426 | D:8      | Reached skill level 5 in Bows
 11426 | D:8      | Reached skill level 5 in Crossbows
 11426 | D:8      | Reached skill level 5 in Throwing
 11426 | D:8      | Reached skill level 5 in Armour
 11426 | D:8      | Reached skill level 5 in Stealth
 11426 | D:8      | Reached skill level 5 in Shields
 11426 | D:8      | Reached skill level 5 in Evocations
 11767 | D:9      | Noticed a two-headed ogre
 11793 | D:9      | Reached * piety under Ashenzari
 11945 | D:9      | Identified the cursed +0 pair of boots of the Wild Blue
                  | Yonder {Range, Elem} (You found it on level 3 of the
                  | Dungeon)
 12242 | D:9      | Found a glowing golden altar of the Shining One.
 13019 | D:10     | Entered Level 10 of the Dungeon
 13026 | D:10     | Noticed Gastronok
 13071 | D:10     | Killed Gastronok
 13072 | D:10     | Reached XP level 11. HP: 65/83 MP: 17/22
 13218 | D:10     | Reached skill level 9 in Unarmed Combat
 13530 | D:10     | Reached skill level 5 in Conjurations
 13530 | D:10     | Reached skill level 5 in Hexes
 13530 | D:10     | Reached skill level 5 in Summonings
 13530 | D:10     | Reached skill level 5 in Necromancy
 13530 | D:10     | Reached skill level 5 in Translocations
 13530 | D:10     | Reached skill level 5 in Fire Magic
 13530 | D:10     | Reached skill level 5 in Ice Magic
 13530 | D:10     | Reached skill level 5 in Air Magic
 13530 | D:10     | Reached skill level 5 in Earth Magic
 13530 | D:10     | Reached skill level 5 in Poison Magic
 14308 | D:10     | Reached ** piety under Ashenzari
 14438 | D:10     | Learned a level 6 spell: Statue Form
 14587 | D:10     | Identified the cursed +2 hat of Ashenzari's Absolutism
                  | {Elem, Range} (You took it off Gastronok on level 10 of the
                  | Dungeon)
 14656 | D:11     | Found Kuatz's Antique Weapon Emporium.
 14870 | D:11     | Noticed Psyche
 14903 | D:11     | Found a staircase to the Orcish Mines.
 15273 | D:11     | Found a runed translucent gate.
 15273 | D:11     | Found a runed translucent gate.
 15274 | D:11     | Found a runed translucent gate.
 15274 | D:11     | Noticed klau3's ghost (journeyman MiBe)
 15289 | D:11     | Noticed Maurice
 15478 | D:11     | Found a staircase to the Lair.
 15606 | D:11     | Killed Maurice
 16047 | D:11     | Paralysed by a hornet for 2 turns
 17437 | Lair:1   | Entered Level 1 of the Lair of Beasts
 17520 | Lair:1   | Reached *** piety under Ashenzari
 17542 | Lair:1   | Noticed a seven-headed hydra
 17555 | Lair:1   | Learned a level 5 spell: Metabolic Englaciation
 17571 | Lair:1   | Killed a seven-headed hydra
 17572 | Lair:1   | Reached XP level 12. HP: 91/91 MP: 14/24
 17580 | Lair:1   | Identified the cursed +0 acid dragon scales "Discomfort of
                  | Ashenzari" {rCorr, Comp, Self} (You found it on level 11 of
                  | the Dungeon)
 17659 | Lair:1   | Found a bloodstained altar of Trog.
 17673 | Lair:1   | Identified the +4 great sword of the Wizarding Eel {venom,
                  | Str+3 Int+5 Dex-4}
 19114 | Lair:1   | Noticed Erica
 19122 | Lair:1   | Killed Erica
 19743 | Lair:2   | Noticed a seven-headed hydra
 19761 | Lair:2   | Killed a seven-headed hydra
 19762 | Lair:2   | Reached skill level 10 in Unarmed Combat
 19955 | Lair:2   | Noticed Nergalle
 20168 | Lair:2   | Killed Nergalle
 20529 | Lair:2   | Noticed a six-headed hydra
 20537 | Lair:2   | Killed a six-headed hydra
 20955 | Lair:3   | Reached XP level 13. HP: 98/98 MP: 21/26
 21134 | Lair:3   | Identified the cursed +2 robe of Ashenzari's Vexation
                  | {Archmagi, Alch, Fort} (You took it off Nergalle on level 2
                  | of the Lair of Beasts)
 21425 | Lair:3   | Found a staircase to the Shoals.
 22353 | Lair:4   | Found a hole to the Spider Nest.
 23562 | Lair:5   | Reached skill level 10 in Spellcasting
 24379 | Orc:1    | Entered Level 1 of the Orcish Mines
 24385 | Orc:1    | Noticed an orc warlord
 24400 | D:11     | Killed an orc warlord
 24837 | Orc:1    | Reached skill level 10 in Dodging
 24837 | Orc:1    | Reached skill level 11 in Unarmed Combat
 24852 | Orc:1    | Reached XP level 14. HP: 108/108 MP: 25/28
 25190 | Orc:2    | Entered Level 2 of the Orcish Mines
 25407 | Orc:2    | Found a staircase to the Elven Halls.
 25446 | Orc:2    | Found Geul's Antique Weapon Shop.
 26267 | Orc:2    | Found Lurups's Distillery.
 26272 | Orc:2    | Bought a potion of curing for 39 gold pieces
 26272 | Orc:2    | Bought a potion of haste for 130 gold pieces
 26272 | Orc:2    | Bought a potion of heal wounds for 65 gold pieces
 26272 | Orc:2    | Bought a potion of haste for 130 gold pieces
 26272 | Orc:2    | Bought a potion of mutation for 104 gold pieces
 26272 | Orc:2    | Bought 2 potions of might for 104 gold pieces
 26544 | D:3      | Bought a manual of Fighting for 800 gold pieces
 27176 | Orc:2    | Noticed Saint Roka
 27402 | Orc:2    | HP: 5/140 [Saint Roka/divine providence (7)]
 27403 | Orc:2    | Killed from afar by Saint Roka

Illustrated notes

Levels and vault maps discovered:
D:1:      lemuel_arrival_funnel, layout_basic, hex_intersection
D:2:      minmay_thinvault, layout_loops_ring, kennysheep_generic_room_16,
          uniq_jessica
D:3:      layout_loops_ring, dreamdust_ecumenical_altar_drowned_temple,
          serial_shops, nicolae_shop_advertising_works
          [nicolae_subvault_shop_adworks]
D:4:      layout_loops_corners, minmay_lizard_king
D:5:      layout_loops_cross
D:6:      layout_basic, minmay_temple_entry_crystal_x, enter_ossuary_2
D:7:      layout_cave_pods, enter_bailey_3
D:8:      layout_basic
D:9:      layout_basic, kennysheep_mini_moat
D:10:     layout_roguey, uniq_gastronok
D:11:     layout_loops_ring, david_lair_shrubbed, orc_0_dummy,
          gammafunk_ghost_split, serial_shops, nicolae_shop_behind_doors,
          introduction_to_nature_2, uniq_psyche, uniq_maurice
D:12:     layout_roguey
Temple:   mainiacjoe_temple_starburst
Lair:1:   layout_cave_pods, basic_altar, special_room [special_room_bee],
          infiniplex_staircase_pool_2, lemuel_fruit_fields,
          serial_bayou_shore_a, uniq_erica
Lair:2:   layout_roguey, grunt_megastairs_5, uniq_nergalle
Lair:3:   layout_loops_ring, minmay_shoals_entry_hut, gauntlet_entry_generic,
          st_stairs_8, lemuel_fruit_fields
Lair:4:   layout_hall_layers, spider_nest_entry_funnel_web, beast_lair_carwin_5,
          infiniplex_staircase_pool
Lair:5:   layout_regular_city
Orc:1:    layout_caves
Orc:2:    grunt_orc_community_town_hall, layout_diamond_mine,
          grunt_orc_community_big_house_2, grunt_orc_community_big_house_2,
          grunt_orc_community_house_2, grunt_orc_community_house_3,
          grunt_orc_community_house_3, grunt_orc_community_house_3,
          kennysheep_orc_chapel

Skill      XL: |  1  2  3  4  5  6  7  8  9 10 11 12 13 14 |
---------------+-------------------------------------------+-----
Spellcasting   | 5 6 7 8 9 10 | 10.4
Invocations    | 1 2 3 4 5 6 7 8 9 |  9.9
Short Blades   | 1 2 3 4 5 6 7 8 9 |  9.1
Long Blades    | 1 2 3 4 5 6 7 8 9 |  9.1
Axes           | 1 2 3 4 5 6 7 8 9 |  9.1
Maces & Flails | 1 2 3 4 5 6 7 8 9 |  9.1
Polearms       | 1 2 3 4 5 6 7 8 9 |  9.1
Staves         | 1 2 3 4 5 6 7 8 9 |  9.1
Slings         | 1 2 3 4 5 6 7 8 9 |  9.1
Bows           | 1 2 3 4 5 6 7 8 9 |  9.1
Crossbows      | 1 2 3 4 5 6 7 8 9 |  9.1
Throwing       | 1 2 3 4 5 6 7 8 9 |  9.1
Armour         | 1 2 3 4 5 6 7 8 9 |  9.1
Stealth        | 1 2 3 4 5 6 7 8 9 |  9.1
Shields        | 1 2 3 4 5 6 7 8 9 |  9.1
Evocations     | 1 2 3 4 5 6 7 8 9 |  9.1
Conjurations   | 1 2 3 4 5 6 7 |  7.5
Hexes          | 1 2 3 4 5 6 7 |  7.5
Summonings     | 1 2 3 4 5 6 7 |  7.5
Necromancy     | 1 2 3 4 5 6 7 |  7.5
Translocations | 1 2 3 4 5 6 7 |  7.5
Fire Magic     | 1 2 3 4 5 6 7 |  7.5
Ice Magic      | 1 2 3 4 5 6 7 |  7.5
Air Magic      | 1 2 3 4 5 6 7 |  7.5
Earth Magic    | 1 2 3 4 5 6 7 |  7.5
Poison Magic   | 1 2 3 4 5 6 7 |  7.5
Fighting       | 3 4 5 6 7 8 9 |  9.5
Transmutations | 4 5 6 7 8 |  8.5
Dodging        | 5 6 7 8 9 10 | 10.2
Unarmed Combat | 7 8 9 10 11 | 11.2

Action                   |  1- 3 |  4- 6 |  7- 9 | 10-12 | 13-15 || total
-------------------------+-------+-------+-------+-------+-------++-------
Melee: Unarmed           |    86 |   197 |   265 |   515 |   467 ||  1530
       Headbutt          |    13 |    13 |     4 |       |       ||    30
       Kick              |    19 |    18 |     6 |       |       ||    43
       Bite              |     6 |     9 |     2 |    19 |    64 ||   100
       Punch             |       |     2 |     3 |    13 |    44 ||    62
 Cast: Beastly Appendage |    19 |    30 |     3 |     1 |       ||    53
       Spider Form       |     1 |    14 |    36 |     2 |       ||    53
       Wereblood         |     1 |     1 |     3 |     6 |     6 ||    17
       Ice Form          |       |       |     9 |    43 |       ||    52
       Ozocubu's Armour  |       |       |     4 |    25 |       ||    29
       Statue Form       |       |       |       |    24 |    45 ||    69
       Metabolic Englaci |       |       |       |     7 |       ||     7
Invok: Curse Item        |       |       |     1 |     4 |     1 ||     6
       Shatter the Chain |       |       |       |     1 |       ||     1
 Abil: End Transformatio |       |       |     2 |     9 |     6 ||    17
  Use: Scroll            |       |     3 |     3 |     6 |     3 ||    15
       Potion            |       |       |       |       |     1 ||     1
 Stab: Sleeping          |     4 |     8 |    11 |     6 |     5 ||    34
       Distracted        |       |       |       |       |     1 ||     1
Armor: Robe              |    20 |    14 |     4 |     1 |     6 ||    45
       Skin              |       |     6 |    28 |   284 |   405 ||   723
       Acid dragon scale |       |       |       |     2 |       ||     2
Dodge: Dodged            |    53 |   124 |   241 |   515 |   863 ||  1796
